 Dungeon Crawl Stone Soup version 0.29.0-4-gdea44cf6ec (webtiles) character file.

Game seed: 18427603372416130164

1460 qw the Cleaver (level 8, -3/48 HPs)
             Began as a Tengu Warper on Aug 28, 2022.
             Killed from afar by an electric eel (13 damage)
             ... with a bolt of electricity
             ... on level 6 of the Dungeon.
             The game lasted 00:00:38 (4769 turns).

qw the Cleaver (Tengu Warper)                       Turns: 4769, Time: 00:00:39

Health: -3/48      AC: 12    Str: 13    XL:     8   Next: 76%
Magic:  12/12      EV:  8    Int: 13    God:
Gold:   306        SH:  0    Dex: 17    Spells: 11/11 levels left

rFire   + . .      SeeInvis +   d - +1 hand axe (vamp)
rCold   . . .      Faith    .   (no shield)
rNeg    . . .      Spirit   .   b - +0 chain mail
rPois   +          Reflect  .   (helmet restricted)
rElec   .          Harm     .   (no cloak)
rCorr   .          Rampage  .   f - +0 pair of gloves
Will    +....                   (boots unavailable)
Stlth   ..........              m - amulet of regeneration
HPRegen 0.96/turn               j - ring of protection from fire
MPRegen 0.13/turn               n - ring of willpower

@: about to teleport, flying quickly and evasively, quick
A: beak, talons 3, nimble flight, iridescent scales 1, see invisible, agile 1,
poison resistance
a: no special abilities


You were on level 6 of the Dungeon.
You visited 2 branches of the dungeon, and saw 7 of its levels.
You also visited: Sewer.

You collected 306 gold pieces.


Innate Abilities, Weirdness & Mutations

You have a beak for a mouth.
You have claws for feet.
Your magical nature lets you fly swiftly and evasively.
You are partially covered in iridescent scales. (AC +2)
You have supernaturally acute eyesight. (SInv)
You are agile. (Dex +4, Str/Int -1)
Your system is resistant to poisons. (rPois)


   Skills:
 - Level 4.1 Fighting
 - Level 10.2 Axes
 - Level 1.0 Throwing
 - Level 4.0 Armour
 + Level 2.6 Dodging
 - Level 2.0 Spellcasting
 - Level 2.4 Translocations


You had 11 spell levels left.
You didn't know any spells.
Your spell library contained the following spells:

 Spells                   Type           Power      Damage    Failure   Level
 Blink                    Tloc           14%        N/A       99%         2
 Gell's Gravitas          Tloc           7%         N/A       100%        3
 Lesser Beckoning         Tloc           7%         N/A       100%        3
 Teleport Other           Tloc           7%         N/A       100%        3
 Manifold Assault         Tloc           7%         N/A       100%        5

Inventory:

Hand Weapons
 d - a +1 vampiric hand axe (weapon)
 i - a +0 flail
Missiles
 h - 10 boomerangs (quivered)
Armour
 b - a +0 chain mail (worn)
 f - a +0 pair of gloves (worn)
Jewellery
 j - a ring of protection from fire (left hand)
 m - an amulet of regeneration (around neck)
 n - a ring of willpower (right hand)
Scrolls
 a - 4 scrolls of identify
 o - 2 scrolls of teleportation
Potions
 c - a potion of heal wounds
 e - 4 potions of curing
 g - a potion of resistance
 k - a potion of cancellation
 l - 5 potions of mutation

Dungeon Overview and Level Annotations

Branches:
Dungeon (6/15)             Temple (1/1) D:4           Sewer (visited)

Altars:
Ashenzari
Cheibriados
Dithmenos
Fedhas
Hepliaklqana
Kikubaaqudgha
Nemelex Xobeh
Uskayaw
Wu Jian
Xom
Zin


Message History

The dart slug launches a dart at you.
The slug dart hits you but does no damage.
The dart slug launches a dart at you.
The slug dart hits you but does no damage.
You hit the electric eel. Your kick misses the electric eel.
You peck the electric eel.
The electric eel is almost dead.
The electric eel shoots out a bolt of lightning at you!
The bolt of electricity hits you.
The bolt of electricity hits the dart slug.
The electric eel shoots out a bolt of lightning at you!
The bolt of electricity hits you.
You completely miss the electric eel.
The electric eel is almost dead.
The electric eel shoots out a bolt of lightning at you!
The bolt of electricity hits the electric eel.
The electric eel completely resists.
The bolt of electricity hits you!
The electric eel shoots out a bolt of lightning at you!
The bolt of electricity hits you!
The bolt of electricity hits the dart slug!
The dart slug dies!
You hit the electric eel.
You feel better.
You kill the electric eel!
You hear a splash.
The dart slug launches a dart at you. The slug dart misses you.
Found 3 stones.
The electric eel shoots out a bolt of lightning at you!
The bolt of electricity misses you.
The electric eel shoots out a bolt of lightning at you!
The bolt of electricity hits you!
You see here an electric eel corpse.
4769 ||| READING 3 scrolls of teleportation.
As you read the scroll of teleportation, it crumbles to dust.
You feel strangely unstable. The dart slug launches a dart at you.
The slug dart hits you but does no damage.
The electric eel shoots out a bolt of lightning at you!
The bolt of electricity hits you!
You die...

... ## .~~##(
..#)~~#~~~~.# .
#.~~~~~~~~~w###
..#~w#~~."~~#~~~#
#.~~~~~...~~~~~.
##~~w~~~.[~~~~~~~
#~~~~~S#~.~~S~~~~
#~~~~~~@7$.~~~~~#
..w~~~~~.<.~~~~~~
#~~#~~~~.?.~~~~#~
.~~~~~~~~.~~#~~~~
#~~~~~~~.~~~~~~~
#.w~~~7~..~~~~~.
..#~~~~~)..~~~~#
....~~~~~~~~~~%..
##.#.##~~#~#.#.#


You could see 2 electric eels and 5 dart slugs.

Vanquished Creatures
  Duvessa (D:4)
  A black bear (D:4)
  A centaur (D:5)
  An ogre (D:5)
  7 kobold brigands (Sewer)
  2 scorpions (D:5)
  Dowan (D:4)
  A howler monkey (D:5)
  An electric eel (D:6)
  A hound (D:4)
  2 iguanas (D:4)
  2 orc wizards
  7 adders
  2 river rats (Sewer)
  A shadow imp (D:5)
  A white imp (D:5)
  An ufetubus (D:5)
  2 dart slugs (D:4)
  10 worms
  15 orcs
  5 ball pythons
  8 endoplasms
  3 giant cockroaches
  4 goblins
  6 hobgoblins
  2 jackals (D:1)
  4 quokkas
  7 bats
  A frilled lizard (D:2)
  10 kobolds
  6 rats
116 creatures vanquished.

Vanquished Creatures (others)
  A dart slug (D:6)
1 creature vanquished.

Grand Total: 117 creatures vanquished

Notes
Turn   | Place    | Note
-------+----------+-------------------------------------------
     0 | D:1      | qw the Tengu Warper began the quest for the Orb.
     0 | D:1      | Reached XP level 1. HP: 12/12 MP: 4/4
     0 | D:1      | 0 ||| qw: Version: 0.1-a-89-g26bdef1
     0 | D:1      | 0 ||| qw: Game counter: 3005
     0 | D:1      | 0 ||| qw: Always use a shield: true
     0 | D:1      | 0 ||| qw: God list: Okawaru
     0 | D:1      | 0 ||| qw: Allow faded altars: false
     0 | D:1      | 0 ||| qw: Do Orc after D:15 true
     0 | D:1      | 0 ||| qw: Do second Lair branch before Depths: true
     0 | D:1      | 0 ||| qw: Lair rune preference: random
     0 | D:1      | 0 ||| qw: Plans: Normal
     0 | D:1      | 0 ||| PLANNING D:1-11
   130 | D:1      | Found a faded altar of an unknown god.
   181 | D:1      | 181 ||| Stepping ~*~*~tactically~*~*~ (stealth).
   196 | D:1      | Reached XP level 2. HP: 11/17 MP: 6/6
   238 | D:1      | 238 ||| Stepping ~*~*~tactically~*~*~ (stealth).
   242 | D:1      | 242 ||| Stepping ~*~*~tactically~*~*~ (stealth).
   247 | D:1      | Reached skill level 3 in Axes
   248 | D:1      | 248 ||| Stepping ~*~*~tactically~*~*~ (stealth).
   249 | D:1      | 249 ||| Stepping ~*~*~tactically~*~*~ (stealth).
   973 | D:1      | 973 ||| DROPPING scarf of invisibility.
   974 | D:1      | 974 ||| UPGRADING to +0 ring mail.
   984 | D:1      | 984 ||| DROPPING +0 leather armour.
   985 | D:1      | 985 ||| UPGRADING to amulet of regeneration.
   990 | D:1      | 990 ||| READING 3 scrolls labelled EXKOPPURPHOS.
   991 | D:1      | 991 ||| READING scroll labelled UGHIOQ OGROU.
   992 | D:1      | 992 ||| READING scroll labelled ALYPOS TATOHAPS.
   993 | D:1      | 993 ||| DRINKING 3 clear potions.
   994 | D:1      | 994 ||| DRINKING 3 metallic yellow potions.
   994 | D:1      | Gained mutation: You have supernaturally acute eyesight.
                  | (SInv) [potion of mutation]
   994 | D:1      | Gained mutation: You are partially covered in iridescent
                  | scales. (AC +2) [potion of mutation]
   994 | D:1      | Gained mutation: You are agile. (Dex +4, Str/Int -1)
                  | [potion of mutation]
   994 | D:1      | Gained mutation: Your system is resistant to poisons.
                  | (rPois) [potion of mutation]
   995 | D:1      | 995 ||| READING 2 scrolls of identify.
   995 | D:1      | 995 ||| IDENTIFYING amethyst potion
   996 | D:1      | 996 ||| DROPPING scroll of blinking.
   997 | D:1      | 997 ||| DROPPING 2 potions of attraction.
   998 | D:1      | 998 ||| DROPPING potion of flight.
  1141 | D:2      | Reached XP level 3. HP: 21/21 MP: 7/7
  1316 | D:2      | Reached skill level 4 in Axes
  1592 | D:2      | 1592 ||| READING scroll labelled UKALAA ARGHA.
  1596 | D:2      | 1596 ||| READING 2 scrolls labelled FEIS YLLARA.
  1597 | D:2      | 1597 ||| DRINKING 2 white potions.
  1598 | D:2      | 1598 ||| READING 2 scrolls of identify.
  1598 | D:2      | 1598 ||| IDENTIFYING bubbling pink potion
  1599 | D:2      | 1599 ||| DROPPING scroll of butterflies.
  1615 | D:3      | 1615 ||| PLANNING SEWER
  1693 | D:3      | 1693 ||| Stepping ~*~*~tactically~*~*~ (stealth).
  1700 | D:3      | 1700 ||| FLEEEEING.
  1717 | D:3      | Identified the +7 dagger "Jebbemah" {flame, rPois Str+5
                  | SInv}
  1865 | D:3      | Found a glowing drain.
  1866 | D:3      | 1866 ||| UPGRADING to +0 chain mail.
  1876 | D:3      | 1876 ||| DROPPING +0 ring mail.
  1896 | D:3      | 1896 ||| Stepping ~*~*~tactically~*~*~ (water).
  1898 | D:3      | 1898 ||| Stepping ~*~*~tactically~*~*~ (water).
  1904 | D:3      | Reached XP level 4. HP: 18/26 MP: 8/8
  1919 | Sewer    | Entered a sewer
  1939 | Sewer    | Noticed a kobold brigand
  1952 | Sewer    | Killed a kobold brigand
  1953 | Sewer    | Reached skill level 5 in Axes
  1953 | Sewer    | Gained mutation: Your magical nature lets you fly swiftly
                  | and evasively. [Tengu growth]
  1953 | Sewer    | Reached XP level 5. HP: 23/30 MP: 9/9
  1976 | Sewer    | Noticed a kobold brigand
  1991 | Sewer    | Killed a kobold brigand
  1992 | Sewer    | Reached skill level 6 in Axes
  2070 | Sewer    | Noticed a kobold brigand
  2102 | Sewer    | Killed a kobold brigand
  2103 | Sewer    | Reached XP level 6. HP: 30/35 MP: 10/10
  2162 | Sewer    | Reached skill level 7 in Axes
  2503 | Sewer    | Reached skill level 3 in Fighting
  2503 | Sewer    | Reached XP level 7. HP: 21/41 MP: 11/11
  2606 | Sewer    | 2606 ||| DROPPING +0 club.
  2659 | Sewer    | 2659 ||| READING scroll labelled USOKEE GOBITOS.
  2660 | Sewer    | 2660 ||| READING 4 scrolls of identify.
  2660 | Sewer    | 2660 ||| IDENTIFYING green potion
  2661 | Sewer    | 2661 ||| READING 3 scrolls of identify.
  2661 | Sewer    | 2661 ||| IDENTIFYING coppery potion
  2684 | D:3      | 2684 ||| PLANNING D:1-11
  2963 | D:3      | 2963 ||| DROPPING amulet of the acrobat.
  2964 | D:3      | 2964 ||| READING scroll labelled JARUYSCH TOETHA.
  3065 | D:3      | 3065 ||| READING scroll labelled ROCRUBR NOGA.
  3066 | D:3      | 3066 ||| READING scroll labelled UMPIAF OLEY.
  3114 | D:4      | Found a shimmering altar of Xom.
  3114 | D:4      | Found a glowing silver altar of Zin.
  3115 | D:4      | Noticed an angel
  3158 | D:4      | 3158 ||| Stepping ~*~*~tactically~*~*~ (stealth).
  3160 | D:4      | 3160 ||| Stepping ~*~*~tactically~*~*~ (stealth).
  3161 | D:4      | 3161 ||| Stepping ~*~*~tactically~*~*~ (stealth).
  3166 | D:4      | Reached skill level 8 in Axes
  3213 | D:4      | 3213 ||| Stepping ~*~*~tactically~*~*~ (stealth).
  3241 | D:4      | 3241 ||| DROPPING +0 whip.
  3260 | D:4      | 3260 ||| DRINKING 6 potions of curing.
  3260 | D:4      | 3260 ||| (to cure confusion)
  3388 | D:4      | Noticed Dowan
  3389 | D:4      | Noticed Duvessa
  3404 | D:4      | HP: 8/41 [Duvessa/+0 rapier (5)]
  3405 | D:4      | 3405 ||| READING scroll of teleportation.
  3405 | D:4      | HP: 3/41 [Duvessa/+0 rapier (2)]
  3406 | D:4      | 3406 ||| DRINKING 2 potions of heal wounds.
  3409 | D:4      | Reached XP level 8. HP: 21/46 MP: 12/12
  3427 | D:4      | Reached skill level 9 in Axes
  3433 | D:4      | Killed Duvessa
  3437 | D:4      | Found a snail-covered altar of Cheibriados.
  3446 | D:4      | Killed Dowan
  3469 | D:4      | 3469 ||| Stepping ~*~*~tactically~*~*~ (hiding).
  3593 | D:4      | 3593 ||| DROPPING +0 mace of protection.
  3753 | D:4      | Found a staircase to the Ecumenical Temple.
  3754 | D:4      | 3754 ||| PLANNING TEMPLE
  3754 | D:4      | 3754 ||| UPGRADING to +0 pair of gloves.
  3759 | D:4      | 3759 ||| UPGRADING to ring of protection from fire.
  3768 | Temple   | Entered the Ecumenical Temple
  3796 | Temple   | 3796 ||| PLANNING D:1-11
  3898 | D:4      | 3898 ||| Stepping randomly (stuck).
  3899 | D:4      | 3899 ||| Stepping randomly (stuck).
  3900 | D:4      | 3900 ||| Stepping randomly (stuck).
  3901 | D:4      | 3901 ||| Stepping randomly (stuck).
  3902 | D:4      | 3902 ||| Stepping randomly (stuck).
  3940 | D:5      | Entered Level 5 of the Dungeon
  4048 | D:5      | 4048 ||| Stepping ~*~*~tactically~*~*~ (hiding).
  4050 | D:5      | 4050 ||| Stepping ~*~*~tactically~*~*~ (hiding).
  4205 | D:5      | 4205 ||| Stepping ~*~*~tactically~*~*~ (hiding).
  4384 | D:5      | 4384 ||| Stepping ~*~*~tactically~*~*~ (stealth).
  4385 | D:5      | 4385 ||| Stepping ~*~*~tactically~*~*~ (stealth).
  4398 | D:5      | 4398 ||| DRINKING 6 potions of curing.
  4398 | D:5      | 4398 ||| (to cure confusion)
  4401 | D:5      | 4401 ||| Stepping ~*~*~tactically~*~*~ (hiding).
  4407 | D:5      | 4407 ||| DRINKING 5 potions of curing.
  4407 | D:5      | 4407 ||| (to cure confusion)
  4427 | D:5      | 4427 ||| READING scroll of enchant weapon.
  4427 | D:5      | 4427 ||| ENCHANTING +0 vampiric hand axe.
  4442 | D:5      | 4442 ||| Stepping ~*~*~tactically~*~*~ (stealth).
  4444 | D:5      | 4444 ||| Stepping ~*~*~tactically~*~*~ (hiding).
  4633 | D:5      | Reached skill level 10 in Axes
  4649 | D:5      | Found a hide-covered altar of Uskayaw.
  4687 | D:5      | Found a shadowy altar of Dithmenos.
  4737 | D:5      | 4737 ||| DROPPING scarf of invisibility.
  4738 | D:5      | 4738 ||| UPGRADING to ring of willpower.
  4739 | D:5      | 4739 ||| READING 6 scrolls of identify.
  4739 | D:5      | 4739 ||| IDENTIFYING sedimented grey potion
  4740 | D:5      | 4740 ||| READING 5 scrolls of identify.
  4740 | D:5      | 4740 ||| IDENTIFYING lumpy blue potion
  4741 | D:5      | 4741 ||| DROPPING potion of lignification.
  4742 | D:5      | 4742 ||| DROPPING potion of invisibility.
  4768 | D:6      | HP: 10/48 [electric eel/bolt of electricity (14)]
  4769 | D:6      | 4769 ||| READING 3 scrolls of teleportation.
  4769 | D:6      | Killed from afar by an electric eel

Levels and vault maps discovered:
D:1:      wheals_arrival_linesprint, layout_loops_ring,
          hellmonk_ecumenical_altar_arch_garden, minmay_tall_x
D:2:      layout_basic, kennysheep_path_1
D:3:      layout_loops_ring, cheibrodos_sewer_entry_bend, serial_glass,
          glass_columns_a, glass_columns_a
D:4:      layout_basic, grunt_temple_overflow_order_and_chaos_1,
          nicolae_overflow_crystal_walls, minmay_temple_entry_poolview,
          small_statue_intersection, serial_park_tiny_pond, minmay_box_of_dots,
          uniq_duvessa
D:5:      layout_loops_cross, nicolae_dithmenos_through_a_glass_darkly,
          nicolae_uskayaw_suspiria
D:6:      kennysheep_slugbush, layout_basic, nicolae_vehumet_radiance,
          demons_altar, tso_oasis_becter, nicolae_gozag_seed_capital, uniq_pikel
Temple:   nicolae_temple_ecumenical_triangle

Skill      XL: |  1  2  3  4  5  6  7  8 |
---------------+-------------------------+-----
Axes           | 3 4 5 6 7 8 10 | 10.2
Armour         | 2 4 |  4.0
Fighting       | 3 4 |  4.1
Throwing       | |  1.0
Dodging        | |  2.6
Spellcasting   | |  2.0
Translocations | |  2.4

Action                   |  1- 3 |  4- 6 |  7- 9 || total
-------------------------+-------+-------+-------++-------
Melee: Hand axe          |    79 |   107 |   235 ||   421
       Kick              |    14 |    34 |    81 ||   129
       Peck              |    13 |    13 |    49 ||    75
       Punch             |       |       |     2 ||     2
Throw: Boomerang         |    23 |     5 |    44 ||    72
  Use: Scroll            |     7 |       |    11 ||    18
       Potion            |     3 |       |     4 ||     7
 Stab: Distracted        |     1 |       |       ||     1
Armor: Leather armour    |     5 |       |       ||     5
       Ring mail         |    10 |       |       ||    10
       Chain mail        |     3 |    27 |   114 ||   144
Dodge: Dodged            |    37 |    17 |    66 ||   120

Table legend:
 A = Non-vault XP
 B = Vault XP
 C = Vault XP percentage of total XP
 D = Non-vault monster count
 E = Vault monster count
 F = Vault count percentage of total count
                 A         B        C        D         E       F
            +---------+---------+-------+---------+---------+-------
      Total |    1033 |    1053 |  50.5 |      77 |      39 |  33.6
            +---------+---------+-------+---------+---------+-------
        D:1 |      12 |       8 |  40.0 |       8 |       4 |  33.3
        D:2 |      31 |       0 |   0.0 |      18 |       0 |   0.0
        D:3 |      26 |      14 |  35.0 |       8 |       3 |  27.3
        D:4 |     361 |     221 |  38.0 |      23 |       4 |  14.8
        D:5 |     550 |       0 |   0.0 |      19 |       0 |   0.0
        D:6 |      53 |       0 |   0.0 |       1 |       0 |   0.0
      Sewer |       0 |     810 | 100.0 |       0 |      28 | 100.0
            +---------+---------+-------+---------+---------+-------
